 Dungeon Crawl Stone Soup version 0.27-a0-594-g2aaa8dbbc2 (webtiles) character file.

Game seed: 18063214927161028702

2203 Azunone the Chucker (level 9, -3/89 HPs)
             Began as a Troll Hunter on Mar 11, 2021.
             Slain by a two-headed ogre
             ... wielding a +0 giant club
              (23 damage)
             ... on level 7 of the Dungeon.
             The game lasted 00:20:45 (5938 turns).

Azunone the Chucker (Troll Hunter)                  Turns: 5938, Time: 00:20:45

Health: -3/89      AC:  7    Str: 27    XL:     9   Next: 12%
Magic:  7/7        EV:  9    Int:  7    God:
Gold:   369        SH:  0    Dex: 10    Spells: 8/8 levels left

rFire    . . .     SeeInvis .   n - +0 short sword (freeze)
rCold    . . .     Faith    .   (no shield)
rNeg     . . .     Spirit   .   b - +0 robe
rPois    +         Reflect  .   (helmet restricted)
rElec    .         Harm     .   r - +2 cloak
rCorr    .         Rampage  .   (gloves unavailable)
Will     .....     Rnd*Rage +   (boots unavailable)
Stlth    +.........             (no amulet)
HPRegen  1.24/turn              (no ring)
MPRegen  0.10/turn              (no ring)

@: no status effects
A: large, unfitting armour, claws 3, berserk 1, low mp 1, poison resistance,
regeneration 1, shaggy fur 1, strong 1, tough skin 1, no potion heal 1
a: no special abilities


You were on level 7 of the Dungeon.
You visited 1 branch of the dungeon, and saw 8 of its levels.

You collected 369 gold pieces.

Inventory:

Hand Weapons
 a - a +0 short sword
 e - a +2 dagger of venom
 i - a +0 club
 n - a +0 short sword of freezing (weapon)
 p - a +0 great sword
 y - a +0 dagger of draining
 C - a +0 morningstar
 I - a +0 dagger of speed
Missiles
 v - 34 poisoned darts (quivered)
Armour
 b - a +0 robe (worn)
 k - a scarf of invisibility
 r - a +2 cloak (worn)
 s - a +0 kite shield
 z - a +0 pair of gloves
Jewellery
 w - a ring of fire
 J - an amulet of faith
Wands
 B - a wand of polymorph (8)
 F - a wand of flame (16)
 K - a wand of digging (5)
Scrolls
 f - 4 scrolls of immolation
 m - 2 scrolls of fog {unknown}
 q - 3 scrolls of teleportation {unknown}
 t - 2 scrolls of blinking {unknown}
 u - a scroll of enchant weapon {unknown}
 x - 2 scrolls of magic mapping {unknown}
 D - a scroll of amnesia {unknown}
Potions
 g - 2 potions of ambrosia
 h - a potion of heal wounds
 j - 3 potions of attraction
 l - a potion of brilliance
 o - a potion of mutation
 A - 2 potions of curing {unknown}
 E - 2 potions of degeneration {unknown}
 G - a potion of resistance {unknown}


   Skills:
 + Level 5.7 Fighting
 * Level 6.8 Maces & Flails
 + Level 7.1 Throwing
 - Level 1.5 Dodging
 - Level 0.3 Stealth


You had 8 spell levels left.
You didn't know any spells.
Your spell library was empty.

Dungeon Overview and Level Annotations

Branches:
Dungeon (8/15)             Temple (0/1) D:7
   Lair: D:8-11

Altars:
Makhleb
Okawaru

Annotations:
D:8 Erica


Innate Abilities, Weirdness & Mutations

You are too large for most types of armour.
You have claws for hands.
Your natural rate of healing is unusually fast.
You are covered in fur. (AC +1)
You have tough skin. (AC +1)
You tend to lose your temper in combat.
Your magical capacity is low. (-10% MP)
Your system is resistant to poisons. (rPois)
Your muscles are strong. (Str +2)
Potions are less effective at restoring your health.


Message History

You hit the two-headed ogre. You freeze the two-headed ogre.
The two-headed ogre is moderately wounded.
You hit the two-headed ogre but do no damage.
The two-headed ogre is moderately wounded.
The two-headed ogre hits you with a +0 giant club. x2
You completely miss the two-headed ogre.
The two-headed ogre is moderately wounded.
The two-headed ogre closely misses you.
The two-headed ogre hits you with a +0 giant club.
You hit the two-headed ogre. You freeze the two-headed ogre.
The two-headed ogre is moderately wounded.
The two-headed ogre closely misses you. x2
You hit the two-headed ogre. You freeze the two-headed ogre.
The two-headed ogre is heavily wounded.
The two-headed ogre barely misses you. The two-headed ogre closely misses you.
You hit the two-headed ogre. You freeze the two-headed ogre.
The two-headed ogre is heavily wounded.
The two-headed ogre hits you with a +0 giant club!
The two-headed ogre hits you with a +0 giant club.
You barely miss the two-headed ogre.
The two-headed ogre is heavily wounded.
The two-headed ogre hits you with a +0 giant club!!
* * * LOW HITPOINT WARNING * * *
The two-headed ogre misses you.
You hit the two-headed ogre but do no damage.
The two-headed ogre is heavily wounded.
Your system partially rejects the healing.
You feel much better.
The two-headed ogre hits you with a +0 giant club!
The two-headed ogre barely misses you.
You barely miss the two-headed ogre.
The two-headed ogre is moderately wounded.
The two-headed ogre hits you with a +0 giant club!
* * * LOW HITPOINT WARNING * * *
The two-headed ogre hits you with a +0 giant club.
* * * LOW HITPOINT WARNING * * *
Okay, then.
Okay, then.
The two-headed ogre hits you with a +0 giant club!!
You die...

....# ....# ....# ....# ....#
######################### ....#
#.......................#
....#####.#####################.#
....'..........O># #.#
....#####.######@# #.# ##### #.#
#.# #.# # #.# #.# #.# # #.# #.#
#.# # #.# #.# #.# # #.#### #.#
#.# ### #....# #.##############.#
..# #....# #.#.))).)........# ..#
#....# #.#.##############


You could see a two-headed ogre.

Vanquished Creatures
  An orc warrior (D:7)
  2 ice beasts
  An ogre (D:8)
  A centaur (D:6)
  A phantom (D:6)
  5 bullfrogs
  A scorpion (D:6)
  5 killer bees (D:7)
  A howler monkey (D:4)
  A centaur zombie (D:5)
  2 jellies (D:7)
  2 bullfrog skeletons (D:7)
  4 orc priests (D:7)
  3 hounds
  Jessica (D:2)
  Terence (D:2)
  Natasha (thrice) (D:2)
  3 orc wizards
  4 worker ants
  A hound skeleton (D:7)
  10 gnolls
  10 adders
  A shadow imp (D:7)
  5 white imps
  An ufetubus (D:6)
  An ooze (D:2)
  An adder skeleton (D:7)
  A dart slug (D:1)
  3 worms
  6 leopard geckos
  25 orcs
  3 ball pythons
  2 bats
  3 giant cockroaches
  12 goblins
  2 hobgoblins (D:2)
  18 jackals
  A quokka (D:3)
  3 frilled lizards (D:2)
  6 kobolds
  A leopard gecko skeleton (D:5)
  7 rats
165 creatures vanquished.

Notes
Turn   | Place    | Note
-------+----------+-------------------------------------------
     0 | D:1      | Azunone the Troll Hunter began the quest for the Orb.
     0 | D:1      | Reached XP level 1. HP: 19/19 MP: 0/0
   318 | D:1      | Reached XP level 2. HP: 28/28 MP: 1/1
   623 | D:2      | Noticed Terence
   627 | D:2      | Killed Terence
   628 | D:2      | Reached skill level 4 in Throwing
   628 | D:2      | Reached XP level 3. HP: 36/36 MP: 2/2
   792 | D:2      | Noticed Jessica
   795 | D:2      | Killed Jessica
   796 | D:2      | Reached XP level 4. HP: 36/44 MP: 3/3
   993 | D:2      | Noticed Natasha
   994 | D:2      | Killed Natasha
   995 | D:2      | Reached XP level 5. HP: 49/51 MP: 4/4
  1071 | D:2      | Noticed Natasha
  1072 | D:2      | Killed Natasha
  1073 | D:2      | Reached skill level 5 in Throwing
  1476 | D:2      | Noticed Natasha
  1482 | D:2      | Killed Natasha
  2534 | D:4      | Reached skill level 1 in Maces & Flails
  2534 | D:4      | Reached XP level 6. HP: 30/62 MP: 5/5
  3262 | D:5      | Entered Level 5 of the Dungeon
  3274 | D:5      | Noticed an ice beast
  3277 | D:5      | Killed an ice beast
  3278 | D:5      | Reached XP level 7. HP: 70/70 MP: 6/6
  4077 | D:6      | Reached skill level 6 in Throwing
  4234 | D:6      | Reached XP level 8. HP: 48/79 MP: 7/7
  4391 | D:6      | Reached skill level 5 in Maces & Flails
  4440 | D:6      | You fall into a shaft and drop 1 floor!
  4455 | D:7      | Reached skill level 5 in Fighting
  4878 | D:7      | Found a staircase to the Ecumenical Temple.
  5080 | D:7      | Found a burning altar of Makhleb.
  5370 | D:7      | Reached skill level 7 in Throwing
  5373 | D:7      | Reached XP level 9. HP: 20/88 MP: 8/8
  5452 | D:7      | Found an iron altar of Okawaru.
  5699 | D:7      | Gained mutation: You expend magic power (3 MP) to
                  | strengthen your wands. [potion of mutation]
  5699 | D:7      | Gained mutation: You have sharp toenails. [potion of
                  | mutation]
  5699 | D:7      | Gained mutation: Your body sometimes deteriorates upon
                  | taking damage. [potion of mutation]
  5699 | D:7      | Gained mutation: Your flesh is cold resistant. (rC+)
                  | [potion of mutation]
  5700 | D:7      | Lost mutation: You have sharp toenails. [potion of
                  | mutation]
  5700 | D:7      | Lost mutation: Your body sometimes deteriorates upon taking
                  | damage. [potion of mutation]
  5700 | D:7      | Lost mutation: Your flesh is cold resistant. (rC+) [potion
                  | of mutation]
  5700 | D:7      | Lost mutation: You expend magic power (3 MP) to strengthen
                  | your wands. [potion of mutation]
  5700 | D:7      | Gained mutation: Potions are less effective at restoring
                  | your health. [potion of mutation]
  5700 | D:7      | Gained mutation: Your system is resistant to poisons.
                  | (rPois) [potion of mutation]
  5700 | D:7      | Gained mutation: You expend magic power (3 MP) to
                  | strengthen your wands. [potion of mutation]
  5701 | D:7      | Lost mutation: Your system is resistant to poisons. (rPois)
                  | [potion of mutation]
  5701 | D:7      | Lost mutation: You expend magic power (3 MP) to strengthen
                  | your wands. [potion of mutation]
  5701 | D:7      | Gained mutation: You tend to lose your temper in combat.
                  | [potion of mutation]
  5701 | D:7      | Gained mutation: Your muscles are strong. (Str +2) [potion
                  | of mutation]
  5701 | D:7      | Gained mutation: Your magical capacity is low. (-10% MP)
                  | [potion of mutation]
  5701 | D:7      | Gained mutation: Your system is resistant to poisons.
                  | (rPois) [potion of mutation]
  5919 | D:8      | Noticed a two-headed ogre
  5925 | D:8      | Noticed Erica
  5938 | D:7      | Slain by a two-headed ogre

Illustrated notes

Levels and vault maps discovered:
D:1:      dpeg_arrival_castle, layout_loops_ring
D:2:      kennysheep_the_goblin_king, layout_basic, uniq_terence, uniq_jessica,
          uniq_natasha
D:3:      layout_basic
D:4:      layout_loops_ring
D:5:      layout_basic
D:6:      layout_loops_cross, serial_shops, nicolae_shop_crystal,
          gammafunk_ghost_smash, serial_park_tiny_1
D:7:      layout_basic, marbit_many_paths, minmay_temple_entry_from_below_a,
          okawaru_trees_1
D:8:      minmay_general_purpose_star, layout_rooms,
          chequers_temple_overflow_minitemple, gammafunk_ghost_hydra_chop,
          uniq_erica, uniq_joseph

Skill      XL: |  1  2  3  4  5  6  7  8 |
---------------+-------------------------+-----
Fighting       | 2 3 4 5 |  5.7
Throwing       | 4 5 6 7 |  7.1
Maces & Flails | 1 2 4 6 |  6.8
Dodging        | |  1.5
Stealth        | |  0.3

Action                   |  1- 3 |  4- 6 |  7- 9 || total
-------------------------+-------+-------+-------++-------
Melee: Short sword       |    66 |   218 |   570 ||   854
Throw: Large rock        |     6 |    28 |     9 ||    43
       Throwing net      |       |     2 |     2 ||     4
       Dart              |       |       |     7 ||     7
 Abil: Evoke Invisibilit |       |     2 |       ||     2
Evoke: Wand              |       |       |     6 ||     6
  Use: Scroll            |       |     4 |     3 ||     7
       Potion            |       |       |     7 ||     7
 Stab: Sleeping          |     1 |       |     1 ||     2
Armor: Robe              |    22 |    74 |   251 ||   347
Dodge: Dodged            |    25 |    96 |   342 ||   463

Table legend: (Time is in decaauts)
 A = Elapsed time spent in this place.
 B = Non-inter-level travel time spent in this place.
 C = Inter-level travel time spent in this place.
 D = Time resting spent in this place.
 E = Time spent auto-exploring this place.
 F = Levels seen in this place.
 G = Mean time per level.
                   A        B        C        D        E       F      G
               +--------+--------+--------+--------+--------+-----+--------+
         Total |   6041 |   5682 |    359 |     33 |   3931 |   8 |  755.1 |
       Dungeon |   6041 |   5682 |    359 |     33 |   3931 |   8 |  755.1 |
               +--------+--------+--------+--------+--------+-----+--------+

Top non-repeatable levels by time:
     D:7: 1521 daAuts
     D:2: 960 daAuts
     D:3: 896 daAuts
     D:4: 854 daAuts
     D:5: 669 daAuts
     D:1: 608 daAuts
     D:6: 524 daAuts
     D:8: 8 daAuts
